| TOP OF THE 1ST |
|
San Diego (APP) Padres batting - Pitching for Johnson City Cardinals : RHP Emmanuel Godfrey
|
|
Pitching: RHP Emmanuel Godfrey
|
|
|
Batting: RHB Alex Collazo
|
0-0: Ball 1-0: Ball 2-0: Called Strike 2-1: Foul Ball, location: 2F 2-2: Foul Ball, location: 2F 2-2: Foul Ball, location: 2F 2-2: Foul Ball, location: 2F 2-2: SINGLE (Groundball, 5D, EV 103.1 MPH)
|
|
Batting: RHB Norinaga Yamakawakamatsu
|
0-0: Ball 1-0: Fielders Choice at 2nd, 4-6 (Groundball, 4, EV 90.0 MPH)
|
|
Batting: LHB Justin Daley
|
0-0: Ball 1-0: Called Strike 1-1: Ball 2-1: SINGLE (Line Drive, 8LS, EV 106.9 MPH) Norinaga Yamakawakamatsu to second
|
|
Batting: RHB Brian Klinkner
|
0-0: Called Strike 0-1: Foul Ball, location: 2F 0-2: Foul Ball, location: 2F 0-2: Ball 1-2: Foul Ball, location: 2F 1-2: SINGLE (Groundball, 56D, EV 96.9 MPH) Norinaga Yamakawakamatsu to third Justin Daley to second Runner from 3rd tries for Home, SAFE, throw by LF to home Justin Daley to third Brian Klinkner to second
|
|
Batting: RHB Phil McFadden
|
0-0: Ball 1-0: Fly out, F9 (Flyball, 9S, EV 97.5 MPH)
|
|
Batting: RHB Ed Oake
|
0-0: Called Strike 0-1: Ball 1-1: Ball 2-1: Ball 3-1: Ground out 4-3 (Groundball, 4, EV 103.1 MPH)
|
| Top of the 1st over - 1 run, 3 hits, 0 errors, 2 left on base; San Diego (APP) 1 - Johnson City 0 |
| BOTTOM OF THE 1ST |
|
Johnson City Cardinals batting - Pitching for San Diego (APP) Padres : RHP Sam Barbuto
|
|
Pitching: RHP Sam Barbuto
|
|
|
Batting: RHB Mario Carbajal
|
0-0: Ball 1-0: Fly out, F8 (Flyball, 8RD, EV 98.8 MPH)
|
|
Batting: SHB J.T. Ready
|
0-0: Called Strike 0-1: Called Strike 0-2: Ball 1-2: Foul Ball, location: 2F 1-2: Strikes out swinging
|
|
Batting: RHB Arnold Schuler
|
0-0: Ball 1-0: Ball 2-0: Fly out, F5 (Line Drive, 56, EV 66.2 MPH)
|
| Bottom of the 1st over - 0 runs, 0 hits, 0 errors, 0 left on base; San Diego (APP) 1 - Johnson City 0 |
| TOP OF THE 2ND |
|
San Diego (APP) Padres batting - Pitching for Johnson City Cardinals : RHP Emmanuel Godfrey
|
|
Batting: RHB Brian DeVoe
|
0-0: Ball 1-0: SINGLE (Groundball, 4MS, EV 63.8 MPH) (infield hit)
|
|
Batting: LHB Gary Corrales
|
0-0: Foul Ball, location: 2F 0-1: Swinging Strike 0-2: Strikes out swinging
|
|
Batting: RHB Eric McMillian
|
0-0: Called Strike 0-1: Ball 1-1: Ball 2-1: Ball Passed Ball! Brian DeVoe to second 3-1: DOUBLE (Groundball, 3L, EV 104.4 MPH) Brian DeVoe scores
|
|
Batting: RHB Alex Collazo
|
0-0: Foul Ball, location: 2F 0-1: Ball 1-1: Swinging Strike 1-2: Foul Ball, location: 2F 1-2: Strikes out swinging
|
|
Batting: RHB Norinaga Yamakawakamatsu
|
0-0: Ball 1-0: Foul Ball, location: 2F 1-1: Ball 2-1: Foul Ball, location: 2F 2-2: Foul Ball, location: 2F 2-2: Strikes out swinging
|
| Top of the 2nd over - 1 run, 2 hits, 0 errors, 1 left on base; San Diego (APP) 2 - Johnson City 0 |
| BOTTOM OF THE 2ND |
|
Johnson City Cardinals batting - Pitching for San Diego (APP) Padres : RHP Sam Barbuto
|
|
Batting: RHB Jonathan Winkler
|
0-0: Ball 1-0: Foul Ball, location: 2F 1-1: Ball 2-1: Ground out 6-3 (Groundball, 4MS, EV 88.1 MPH)
|
|
Batting: SHB Brad Meyer
|
0-0: Foul Ball, location: 2F 0-1: Ball 1-1: Called Strike 1-2: Foul Ball, location: 2F 1-2: Strikes out looking
|
|
Batting: LHB Pete Mitchell
|
0-0: Ball 1-0: Swinging Strike 1-1: Ball 2-1: Ball 3-1: Base on Balls
|
|
Batting: RHB Diego Herrera
|
0-0: Called Strike 0-1: Called Strike 0-2: Foul Ball, location: 2F 0-2: Strikes out looking
|
| Bottom of the 2nd over - 0 runs, 0 hits, 0 errors, 1 left on base; San Diego (APP) 2 - Johnson City 0 |
| TOP OF THE 3RD |
|
San Diego (APP) Padres batting - Pitching for Johnson City Cardinals : RHP Emmanuel Godfrey
|
|
Batting: LHB Justin Daley
|
0-0: Fly out, F7 (Line Drive, 7D, EV 88.1 MPH)
|
|
Batting: RHB Brian Klinkner
|
0-0: Foul Ball, location: 2F 0-1: Ball 1-1: Ball 2-1: SINGLE (Groundball, 4MD, EV 97.5 MPH)
|
|
Batting: RHB Phil McFadden
|
0-0: Ball 1-0: Grounds into double play, 5-4-3 (Groundball, 5, EV 77.5 MPH)
|
| Top of the 3rd over - 0 runs, 1 hit, 0 errors, 0 left on base; San Diego (APP) 2 - Johnson City 0 |
| BOTTOM OF THE 3RD |
|
Johnson City Cardinals batting - Pitching for San Diego (APP) Padres : RHP Sam Barbuto
|
|
Batting: RHB Dan Wages
|
0-0: Swinging Strike 0-1: Ball 1-1: Swinging Strike 1-2: Ball 2-2: Strikes out swinging
|
|
Batting: SHB Felipe Campanella
|
0-0: Ball 1-0: Called Strike 1-1: Swinging Strike 1-2: Foul Ball, location: 2F 1-2: Strikes out looking
|
|
Batting: RHB Mario Carbajal
|
0-0: Swinging Strike 0-1: Swinging Strike 0-2: DOUBLE (Popup, 56D, EV 56.2 MPH)
|
|
Batting: SHB J.T. Ready
|
0-0: Ball 1-0: Ball 2-0: Called Strike 2-1: Fly out, F7 (Flyball, 7LD, EV 91.2 MPH)
|
| Bottom of the 3rd over - 0 runs, 1 hit, 0 errors, 1 left on base; San Diego (APP) 2 - Johnson City 0 |
| TOP OF THE 4TH |
|
San Diego (APP) Padres batting - Pitching for Johnson City Cardinals : RHP Emmanuel Godfrey
|
|
Batting: RHB Ed Oake
|
0-0: SINGLE (Groundball, 3L, EV 100.0 MPH) (infield hit)
|
|
Batting: RHB Brian DeVoe
|
0-0: Ball 1-0: Ball 2-0: Ball 3-0: Called Strike 3-1: Fielders Choice at 2nd, 5-4 (Groundball, 56S, EV 85.0 MPH)
|
|
Batting: LHB Gary Corrales
|
0-0: Ball 1-0: Fly out, F7 (Flyball, 78S, EV 70.6 MPH)
|
|
Batting: RHB Eric McMillian
|
0-0: DOUBLE (Groundball, 5L, EV 98.8 MPH) Brian DeVoe to third Runner from 3rd tries for Home, SAFE, throw by LF to home
|
|
Batting: RHB Alex Collazo
|
0-0: Called Strike 0-1: Ball 1-1: Ball 2-1: Foul Ball, location: 2F 2-2: Ball 3-2: Ground out 5-3 (Groundball, 56, EV 85.6 MPH)
|
| Top of the 4th over - 1 run, 2 hits, 0 errors, 1 left on base; San Diego (APP) 3 - Johnson City 0 |
| BOTTOM OF THE 4TH |
|
Johnson City Cardinals batting - Pitching for San Diego (APP) Padres : RHP Sam Barbuto
|
|
Batting: RHB Arnold Schuler
|
0-0: Ball 1-0: Ball 2-0: Ball 3-0: Base on Balls
|
|
Batting: RHB Jonathan Winkler
|
0-0: Ball 1-0: Foul Ball, location: 2F 1-1: Fielders Choice at 2nd, 3-6 (Groundball, 34, EV 81.9 MPH)
|
|
Batting: SHB Brad Meyer
|
0-0: Ball 1-0: Foul Ball, location: 2F 1-1: Foul Ball, location: 2F 1-2: Ball 2-2: Strikes out swinging Jonathan Winkler steals 2nd base Batter strikes out.
|
|
Batting: LHB Pete Mitchell
|
0-0: Ground out 6-3 (Groundball, 6, EV 90.6 MPH)
|
| Bottom of the 4th over - 0 runs, 0 hits, 0 errors, 1 left on base; San Diego (APP) 3 - Johnson City 0 |
| TOP OF THE 5TH |
|
San Diego (APP) Padres batting - Pitching for Johnson City Cardinals : RHP Emmanuel Godfrey
|
|
Batting: RHB Norinaga Yamakawakamatsu
|
0-0: Ball 1-0: Swinging Strike 1-1: Ball 2-1: Hit by Pitch
|
|
Batting: LHB Justin Daley
|
0-0: Ball 1-0: Swinging Strike 1-1: Swinging Strike 1-2: Foul Ball, location: 2F 1-2: Foul Ball, location: 2F 1-2: Ball 2-2: Strikes out looking
|
|
Batting: RHB Brian Klinkner
|
0-0: Called Strike 0-1: Foul Ball, location: 2F 0-2: Ball 1-2: Foul Ball, location: 2F 1-2: SINGLE (Groundball, 34D, EV 103.1 MPH) Norinaga Yamakawakamatsu to second Runner from 2nd tries for 3rd, SAFE, throw by RF made to third
|
|
Batting: RHB Phil McFadden
|
0-0: Called Strike 0-1: Ball 1-1: Fly out, F8 (Flyball, 78D, EV 90.0 MPH) Runner from 3rd tags up, SCORES, throw by CF
|
|
Batting: RHB Ed Oake
|
0-0: Foul Ball, location: 2F 0-1: Ball 1-1: Swinging Strike 1-2: Ball 2-2: Fielders Choice at 2nd, 5-4 (Groundball, 56, EV 86.2 MPH)
|
| Top of the 5th over - 1 run, 1 hit, 0 errors, 1 left on base; San Diego (APP) 4 - Johnson City 0 |
| BOTTOM OF THE 5TH |
|
Johnson City Cardinals batting - Pitching for San Diego (APP) Padres : RHP Sam Barbuto
|
|
Batting: RHB Diego Herrera
|
0-0: Ball 1-0: Called Strike 1-1: Ball 2-1: Called Strike 2-2: Ball 3-2: Foul Ball, location: 2F 3-2: Base on Balls
|
|
Batting: RHB Dan Wages
|
0-0: Called Strike Diego Herrera is caught stealing 2nd base 2-4 0-1: Called Strike 0-2: Strikes out looking
|
|
Batting: SHB Felipe Campanella
|
0-0: Ball 1-0: Ball 2-0: Swinging Strike 2-1: Swinging Strike 2-2: Strikes out swinging
|
| Bottom of the 5th over - 0 runs, 0 hits, 0 errors, 0 left on base; San Diego (APP) 4 - Johnson City 0 |
| TOP OF THE 6TH |
|
San Diego (APP) Padres batting - Pitching for Johnson City Cardinals : RHP Emmanuel Godfrey
|
|
Batting: RHB Brian DeVoe
|
0-0: Foul Ball, location: 2F 0-1: Called Strike 0-2: Ball 1-2: Ground out 1-3 (Groundball, 34S, EV 68.8 MPH)
|
|
Batting: LHB Gary Corrales
|
0-0: Called Strike 0-1: Ball 1-1: Called Strike 1-2: Ball 2-2: Strikes out swinging
|
|
Batting: RHB Eric McMillian
|
0-0: Called Strike 0-1: Called Strike 0-2: Foul Ball, location: 2F 0-2: Ball 1-2: TRIPLE (Flyball, 89XD, EV 93.8 MPH)
|
|
Pitching: RHP Tony Bonilla
|
|
|
Batting: RHB Alex Collazo
|
0-0: Ball 1-0: Called Strike 1-1: Foul Ball, location: 2F 1-2: Foul Ball, location: 2F 1-2: Foul Ball, location: 2F 1-2: Ball 2-2: Ground out U3 (Groundball, 34, EV 97.5 MPH)
|
| Top of the 6th over - 0 runs, 1 hit, 0 errors, 1 left on base; San Diego (APP) 4 - Johnson City 0 |
| BOTTOM OF THE 6TH |
|
Johnson City Cardinals batting - Pitching for San Diego (APP) Padres : RHP Sam Barbuto
|
|
Batting: RHB Mario Carbajal
|
0-0: Ball 1-0: TRIPLE (Flyball, 89XD, EV 103.1 MPH)
|
|
Batting: SHB J.T. Ready
|
0-0: Ball 1-0: Ball 2-0: Ball 3-0: Base on Balls
|
|
Batting: RHB Arnold Schuler
|
0-0: Swinging Strike 0-1: Ball 1-1: Grounds out, U3 (Groundball, 3L, EV 101.2 MPH) Mario Carbajal scores
|
|
Batting: RHB Jonathan Winkler
|
0-0: Swinging Strike 0-1: Called Strike 0-2: Fly out, F4 (Line Drive, 4, EV 69.4 MPH)
|
|
Pitching: LHP Adelino Burns
|
|
|
Batting: SHB Brad Meyer
|
0-0: Ball 1-0: Ball 2-0: 2-RUN HOME RUN (Flyball, 9D, EV 96.9 MPH), Distance : 374 ft
|
|
Pinch Hitting: RHB Matt McGuire
|
0-0: Ball 1-0: Swinging Strike 1-1: Swinging Strike 1-2: Strikes out looking
|
| Bottom of the 6th over - 3 runs, 2 hits, 0 errors, 0 left on base; San Diego (APP) 4 - Johnson City 3 |
| TOP OF THE 7TH |
|
San Diego (APP) Padres batting - Pitching for Johnson City Cardinals : RHP Tony Bonilla
|
|
Now in RF: Matt McGuire
|
|
|
Batting: RHB Norinaga Yamakawakamatsu
|
0-0: Ball 1-0: Ground out 6-3 (Groundball, 6, EV 84.4 MPH)
|
|
Batting: LHB Justin Daley
|
0-0: Fly out, F8 (Flyball, 8RS, EV 89.4 MPH)
|
|
Batting: RHB Brian Klinkner
|
0-0: Ball 1-0: Ball 2-0: Ball 3-0: Base on Balls
|
|
Batting: RHB Phil McFadden
|
0-0: Called Strike 0-1: Swinging Strike 0-2: Strikes out swinging
|
| Top of the 7th over - 0 runs, 0 hits, 0 errors, 1 left on base; San Diego (APP) 4 - Johnson City 3 |
| BOTTOM OF THE 7TH |
|
Johnson City Cardinals batting - Pitching for San Diego (APP) Padres : LHP Adelino Burns
|
|
Batting: RHB Diego Herrera
|
0-0: Swinging Strike 0-1: Swinging Strike 0-2: DOUBLE (Flyball, 78D, EV 113.8 MPH)
|
|
Batting: RHB Dan Wages
|
0-0: Ball Wild Pitch! Diego Herrera to third 1-0: Called Strike 1-1: Swinging Strike 1-2: Ball 2-2: Strikes out swinging
|
|
Batting: SHB Felipe Campanella
|
0-0: Ball Wild Pitch! Diego Herrera scores 1-0: Ball 2-0: Ball 3-0: DOUBLE (Line Drive, 89M, EV 101.9 MPH)
|
|
Batting: RHB Mario Carbajal
|
0-0: Called Strike 0-1: Ball 1-1: Called Strike Felipe Campanella steals 3rd base 1-2: Foul Ball, location: 2F 1-2: Fly out, F8 (Line Drive, 8LD, EV 88.8 MPH) Runner from 3rd tags up, OUT at HOME! 8-2
|
| Bottom of the 7th over - 1 run, 2 hits, 0 errors, 0 left on base; San Diego (APP) 4 - Johnson City 4 |
| TOP OF THE 8TH |
|
San Diego (APP) Padres batting - Pitching for Johnson City Cardinals : RHP Tony Bonilla
|
|
Batting: RHB Ed Oake
|
0-0: Ball 1-0: Called Strike 1-1: Called Strike 1-2: Ball 2-2: Foul Ball, location: 2F 2-2: Strikes out swinging
|
|
Pinch Hitting: RHB Adrian Cook
|
0-0: Reached on error, E6 (Groundball, 6, EV 88.8 MPH)
|
|
Batting: LHB Gary Corrales
|
0-0: Ball 1-0: Called Strike 1-1: Called Strike 1-2: Fielders Choice at 2nd, 6-4 (Groundball, 6, EV 84.4 MPH)
|
|
Batting: RHB Eric McMillian
|
0-0: Fly out, F9 (Line Drive, 9, EV 102.5 MPH)
|
| Top of the 8th over - 0 runs, 0 hits, 1 error, 1 left on base; San Diego (APP) 4 - Johnson City 4 |
| BOTTOM OF THE 8TH |
|
Johnson City Cardinals batting - Pitching for San Diego (APP) Padres : LHP Adelino Burns
|
|
Now at SS: Alex Collazo
|
|
|
Now in CF: Adrian Cook
|
|
|
Batting: SHB J.T. Ready
|
0-0: Ball 1-0: Foul Ball, location: 2F 1-1: Ball 2-1: Ball 3-1: Foul Ball, location: 2F 3-2: Ground out 6-3 (Groundball, 6, EV 87.5 MPH)
|
|
Batting: RHB Arnold Schuler
|
0-0: Called Strike 0-1: Ball 1-1: Ground out 6-3 (Groundball, 6, EV 83.8 MPH)
|
|
Batting: RHB Jonathan Winkler
|
0-0: Ball 1-0: Called Strike 1-1: Ground out U3 (Groundball, 34, EV 100.0 MPH)
|
| Bottom of the 8th over - 0 runs, 0 hits, 0 errors, 0 left on base; San Diego (APP) 4 - Johnson City 4 |
| TOP OF THE 9TH |
|
San Diego (APP) Padres batting - Pitching for Johnson City Cardinals : RHP Tony Bonilla
|
|
Batting: RHB Alex Collazo
|
0-0: Foul Ball, location: 2F 0-1: Foul Ball, location: 2F 0-2: Fly out, F6 (Popup, 6MS, EV 61.9 MPH)
|
|
Batting: RHB Norinaga Yamakawakamatsu
|
0-0: Ball 1-0: Foul Ball, location: 2F 1-1: Ball 2-1: Ball 3-1: Base on Balls
|
|
Pitching: RHP David Lopez
|
|
|
Batting: LHB Justin Daley
|
0-0: Ball 1-0: Ball 2-0: Fly out, F7 (Flyball, 7, EV 83.8 MPH)
|
|
Batting: RHB Brian Klinkner
|
0-0: Ball Norinaga Yamakawakamatsu steals 2nd base 1-0: Intentional Walk
|
|
Batting: RHB Phil McFadden
|
0-0: Swinging Strike Passed Ball! Norinaga Yamakawakamatsu to third Brian Klinkner to second 0-1: Foul Ball, location: 2F 0-2: Ball 1-2: SINGLE (Groundball, 56D, EV 111.9 MPH) Norinaga Yamakawakamatsu scores Brian Klinkner to third Runner from 3rd tries for Home, throw by LF and OUT! 7-2
|
| Top of the 9th over - 1 run, 1 hit, 0 errors, 1 left on base; San Diego (APP) 5 - Johnson City 4 |
| BOTTOM OF THE 9TH |
|
Johnson City Cardinals batting - Pitching for San Diego (APP) Padres : LHP Adelino Burns
|
|
Pitching: LHP Ricardo de la Torre
|
|
|
Now at 1B: Ricardo Ortiz
|
|
|
Now at SS: Max Stillo
|
|
|
Now in CF: Alex Collazo
|
|
|
Batting: SHB Brad Meyer
|
0-0: Swinging Strike 0-1: Ground out 4-3 (Groundball, 4, EV 88.1 MPH)
|
|
Batting: RHB Matt McGuire
|
0-0: Called Strike 0-1: Swinging Strike 0-2: Ground out 6-3 (Groundball, 6, EV 98.1 MPH)
|
|
Pinch Hitting: SHB Steve Langlois
|
0-0: Called Strike 0-1: SOLO HOME RUN (Flyball, 78XD, EV 101.9 MPH), Distance : 407 ft
|
|
Batting: RHB Dan Wages
|
0-0: Called Strike 0-1: Called Strike 0-2: Foul Ball, location: 2F 0-2: Ball 1-2: Ball 2-2: Ball 3-2: Base on Balls
|
|
Batting: SHB Felipe Campanella
|
0-0: SINGLE (Flyball, 8LS, EV 98.1 MPH) Dan Wages to second
|
|
Batting: RHB Mario Carbajal
|
0-0: Foul Ball, location: 2F 0-1: Swinging Strike 0-2: Ball 1-2: Strikes out swinging
|
| Bottom of the 9th over - 1 run, 2 hits, 0 errors, 2 left on base; San Diego (APP) 5 - Johnson City 5 |
| TOP OF THE 10TH |
|
San Diego (APP) Padres batting - Pitching for Johnson City Cardinals : RHP David Lopez
|
|
Pitching: RHP Steve Holmes
|
|
|
Now in LF: Steve Langlois
|
|
|
Batting: RHB Ed Oake
|
0-0: Called Strike 0-1: Ball 1-1: Ball 2-1: Swinging Strike 2-2: Ball 3-2: Foul Ball, location: 2F 3-2: Base on Balls
|
|
Batting: RHB Ricardo Ortiz
|
0-0: Swinging Strike 0-1: Ball 1-1: Bunt missed! 1-2: Ball 2-2: Ball 3-2: DOUBLE (Groundball, 5L, EV 105.6 MPH) Ed Oake to third Ed Oake scores
|
|
Batting: LHB Gary Corrales
|
0-0: Ground out 6-3 (Groundball, 6, EV 78.8 MPH)
|
|
Batting: RHB Eric McMillian
|
0-0: Intentional Walk
|
|
Pinch Runner at 2nd Antonio Martinez:
|
|
|
Batting: RHB Alex Collazo
|
0-0: Ball Antonio Martinez steals 3rd base Eric McMillian to second 1-0: Swinging Strike 1-1: Called Strike 1-2: Strikes out swinging
|
|
Batting: RHB Norinaga Yamakawakamatsu
|
0-0: Ball 1-0: Ground out 5-3 (Groundball, 56, EV 85.6 MPH)
|
| Top of the 10th over - 1 run, 1 hit, 0 errors, 2 left on base; San Diego (APP) 6 - Johnson City 5 |
| BOTTOM OF THE 10TH |
|
Johnson City Cardinals batting - Pitching for San Diego (APP) Padres : LHP Ricardo de la Torre
|
|
Pitching: LHP Cory Watson
|
|
|
Now at 1B: Kevin Davis
|
|
|
Batting: SHB J.T. Ready
|
0-0: Called Strike 0-1: Ball 1-1: Foul Ball, location: 2F 1-2: Foul Ball, location: 2F 1-2: Ball 2-2: Strikes out swinging
|
|
Batting: RHB Arnold Schuler
|
0-0: Swinging Strike 0-1: Called Strike 0-2: Ball 1-2: Strikes out looking
|
|
Batting: RHB Jonathan Winkler
|
0-0: Called Strike 0-1: Fly out, F9 (Flyball, 89S, EV 76.2 MPH)
|
| Bottom of the 10th over - 0 runs, 0 hits, 0 errors, 0 left on base; San Diego (APP) 6 - Johnson City 5 |
|